 Dungeon Crawl Stone Soup version 0.24.0-1-gfbc8707122 (webtiles) character file.

Game seed: 15176174145916636121, levelgen mode: deterministic

22288 theanonym the Severer (level 12, -19/116 HPs)
             Began as a Deep Dwarf Monk on Oct 28, 2019.
             Was a High Priest of Makhleb.
             Demolished by an ettin
             ... wielding a +0 dire flail
              (27 damage)
             ... on level 1 of the Orcish Mines.
             The game lasted 00:20:41 (12438 turns).

theanonym the Severer (Deep Dwarf Monk)            Turns: 12438, Time: 00:20:41

Health: -19/116    AC: 26    Str: 20    XL:     12   Next: 61%
Magic:  7/7        EV: 11    Int: 11    God:    Makhleb [*****.]
Gold:   532        SH:  0    Dex: 15    Spells: 11/11 levels left

rFire    . . .     SeeInvis .   a - +0 war axe (chop)
rCold    . . .     Gourm    .   (no shield)
rNeg     . . .     Faith    .   k - +1 plate armour
rPois    .         Spirit   .   d - +2 helmet
rElec    .         Reflect  .   x - +2 cloak
rCorr    .         Harm     .   s - +2 pair of gloves {archery}
MR       ++...                  (no boots)
Stlth    ..........             (no amulet)
HPRegen  0.00/turn              i - +3 ring of evasion
MPRegen  0.10/turn              M - ring of protection from magic

@: about to teleport, non-regenerating
A: damage resistance, heal wounds, sense surroundings 2, no regeneration
a: Heal Wounds, Minor Destruction, Lesser Servant of Makhleb, Major Destruction,
Greater Servant of Makhleb, Renounce Religion


Innate Abilities, Weirdness & Mutations

You are resistant to damage.
You can heal yourself by infusing magical energy.
You passively map the area around you.
You do not regenerate.


   Skills:
 + Level 10.2 Fighting
 - Level 16.0 Axes
 + Level 11.4 Armour
 - Level 3.2 Dodging
 - Level 2.4 Stealth
 + Level 0.0 Invocations


You had 11 spell levels left.
You didn't know any spells.
Your spell library contained the following spells:

 Spells                   Type           Power        Failure   Level  Hunger
 Magic Dart               Conj           #...         99%         1    ##.....
 Shock                    Conj/Air       #...         99%         1    ##.....
 Summon Small Mammal      Summ           #...         99%         1    ##.....
 Blink                    Tloc           N/A          100%        2    ###....
 Call Imp                 Summ           #.......     100%        2    ###....
 Slow                     Hex            #.......     100%        2    ###....
 Swiftness                Chrm/Air       #.......     100%        2    ###....
 Call Canine Familiar     Summ           #.......     100%        3    ####...
 Conjure Flame            Conj/Fire      #.......     100%        3    ####...
 Mephitic Cloud           Conj/Pois/Air  #.......     100%        3    ####...
 Static Discharge         Conj/Air       #.......     100%        3    ####...
 Summon Guardian Golem    Hex/Summ       #.......     100%        3    ####...
 Airstrike                Air            #.........   100%        4    #####..
 Summon Ice Beast         Ice/Summ       #.......     100%        4    #####..
 Summon Lightning Spire   Summ/Air       #.......     100%        4    #####..
 Lightning Bolt           Conj/Air       #.........   100%        5    ######.

Skill      XL: |  1  2  3  4  5  6  7  8  9 10 11 12 |
---------------+-------------------------------------+-----
Axes           | 4 5 6 7 8 10 12 15 16 | 16.0
Armour         | 5 9 11 | 11.4
Fighting       | 5 8 10 | 10.2
Dodging        | |  3.2
Stealth        | |  2.4

Action                   |  1- 3 |  4- 6 |  7- 9 | 10-12 || total
-------------------------+-------+-------+-------+-------++-------
Melee: Hand axe          |   125 |   316 |   452 |       ||   893
       War axe           |       |       |   197 |   739 ||   936
Throw: Throwing net      |       |       |       |     1 ||     1
 Abil: Heal Wounds       |     2 |     3 |    12 |     9 ||    26
Evoke: Wand              |       |     6 |     4 |    11 ||    21
  Use: Potion            |     2 |     1 |     1 |     6 ||    10
       Scroll            |       |     8 |    13 |     8 ||    29
 Stab: Sleeping          |     3 |       |       |       ||     3
       Paralysed         |       |     6 |       |       ||     6
       Invisible         |       |       |       |    26 ||    26
  Eat: Chunk             |       |     6 |    14 |    16 ||    36
       Ration            |       |       |     2 |     2 ||     4
Armor: Robe              |     5 |       |       |       ||     5
       Chain mail        |    16 |       |       |       ||    16
       Plate armour      |    48 |   182 |   305 |   555 ||  1090
       Skin              |       |     9 |       |       ||     9
Dodge: Dodged            |    81 |   140 |   235 |   372 ||   828

Inventory:

Hand Weapons
 a - a +0 war axe of chopping (weapon)
Missiles
 u - 2 throwing nets (quivered)
Armour
 d - a +2 helmet (worn)
 k - a +1 plate armour (worn)
 s - a +2 pair of gloves of archery (worn)
 x - a +2 cloak (worn)
Magical Staves
 z - an uncursed staff of cold {unknown}
 Q - an uncursed staff of death {unknown}
Jewellery
 i - a +3 ring of evasion (left hand)
 j - an uncursed ring of positive energy
 D - an uncursed ring of flight
 K - an uncursed ring of fire
 M - a ring of protection from magic (right hand)
 P - an uncursed ring of ice
Wands
 w - a wand of flame (12)
 A - a wand of polymorph (15)
 G - a wand of paralysis (10)
 L - a wand of random effects (23)
Scrolls
 b - 2 scrolls of noise
 f - 2 scrolls of fog
 l - a scroll of amnesia
 n - 10 scrolls of remove curse
 p - 2 scrolls of fear
 r - 5 scrolls of identify
 t - 7 scrolls of teleportation
 y - a scroll of magic mapping
 B - 3 scrolls of blinking
 E - a scroll of enchant armour
 H - a scroll of torment
 O - a scroll of immolation {unknown}
Potions
 c - a potion of magic
 g - a potion of flight
 h - 3 potions of haste
 m - 3 potions of lignification
 o - 4 potions of brilliance
 q - 3 potions of heal wounds
 v - a potion of resistance
 C - a potion of cancellation
 F - 2 potions of mutation
 J - 6 potions of curing
Comestibles
 e - 34 rations
 I - a chunk of flesh


You were on level 1 of the Orcish Mines.
You worshipped Makhleb.
Makhleb was extremely pleased with you.
You were not hungry.

You visited 4 branches of the dungeon, and saw 18 of its levels.
You also visited: Sewer.

You collected 1086 gold pieces.
You spent 554 gold pieces at shops.

Dungeon Overview and Level Annotations

Branches:
Dungeon (11/15)            Temple (1/1) D:5            Lair (4/6) D:9
  Swamp (0/4) Lair:2        Snake (0/4) Lair:4          Orc (2/2) D:11
    Elf (0/3) Orc:2         Sewer (visited)

Altars:
Ashenzari
Cheibriados
Dithmenos
Elyvilon
Fedhas
Gozag
Hepliaklqana
Kikubaaqudgha
Makhleb
Nemelex Xobeh
Okawaru
Qazlal
Ru
Sif Muna
Trog
Uskayaw
Vehumet
Wu Jian
Xom
Yredelemnul
Zin
The Shining One

Shops:
D:6 [   D:7 }(([(   D:10 [   Orc:1 %

Annotations:
D:3 exclusion: 2 goblins

....$.......,,,
, *#$#.........
,
##............
,,,
#.............
#..$..........,
,
#.........>...
,,
##............
,
#....Co..o....
, ,
##...@o.......
,
#.....>.O.....,
,
#.............
,
#.............
,
#............#
*
##............
,,,*
##$.......... ,
#.......#... ,
$........###,


You could see an ettin, an orc warrior, an ogre, an orc wizard and an orc.

Notes
Turn   | Place    | Note
-------+----------+-------------------------------------------
     0 | D:1      | theanonym the Deep Dwarf Monk began the quest for the Orb.
     0 | D:1      | Reached XP level 1. HP: 20/20 MP: 1/1
   155 | D:1      | Reached XP level 2. HP: 27/27 MP: 2/2
   156 | D:1      | Reached skill level 4 in Axes
   769 | D:2      | Reached XP level 3. HP: 28/33 MP: 3/3
   831 | D:2      | Noticed Terence
   836 | D:2      | HP: 13/33 [gnoll/+0 flail (4)]
   845 | D:2      | HP: 13/33 [gnoll/+0 flail (6)]
   847 | D:2      | Reached skill level 5 in Axes
   854 | D:2      | HP: 9/33 [Terence/+0 flail (4)]
   866 | D:2      | Killed Terence
   866 | D:2      | Reached XP level 4. HP: 40/40 MP: 4/4
  1096 | D:2      | Found a sparkling altar of Nemelex Xobeh.
  1146 | D:2      | Reached skill level 6 in Axes
  1348 | D:3      | Reached XP level 5. HP: 41/46 MP: 5/5
  1429 | D:3      | Found a glowing drain.
  1434 | Sewer    | Entered a sewer
  1475 | Sewer    | Noticed a crocodile
  1482 | Sewer    | HP: 23/46 [crocodile (4)]
  1484 | Sewer    | HP: 10/46 [crocodile (13)]
  1485 | Sewer    | HP: 4/46 [crocodile (6)]
  1499 | Sewer    | Killed a crocodile
  1499 | Sewer    | Reached skill level 7 in Axes
  1711 | D:3      | Found a stormy altar of Qazlal.
  1760 | D:3      | Reached XP level 6. HP: 50/55 MP: 6/6
  1918 | D:3      | Found an iron altar of Okawaru.
  2034 | D:3      | Noticed Sigmund
  2044 | D:3      | Killed Sigmund
  2044 | D:3      | Reached skill level 8 in Axes
  2327 | D:4      | Noticed Duvessa
  2327 | D:4      | Noticed Dowan
  2391 | D:4      | Reached XP level 7. HP: 48/61 MP: 7/7
  2401 | D:4      | Reached skill level 9 in Axes
  2424 | D:4      | Noticed Edmund
  2446 | D:4      | Killed Edmund
  2506 | D:4      | HP: 28/61 [ogre/+0 giant club (8)]
  2508 | D:4      | Reached skill level 10 in Axes
  2541 | D:4      | Noticed Robin
  2557 | D:4      | Killed Robin
  2640 | D:4      | Found a sparkling altar of Nemelex Xobeh.
  2754 | D:4      | Killed Dowan
  2757 | D:4      | Killed Duvessa
  2757 | D:4      | Reached XP level 8. HP: 68/68 MP: 7/7
  3223 | D:5      | Entered Level 5 of the Dungeon
  3262 | D:5      | Reached skill level 11 in Axes
  3498 | D:5      | HP: 34/68 [ogre/+0 giant club (9)]
  3538 | D:5      | Found a staircase to the Ecumenical Temple.
  3547 | Temple   | Entered the Ecumenical Temple
  3894 | D:5      | Found a sacrificial altar of Ru.
  3941 | D:5      | HP: 34/68 [acid (1)]
  4293 | D:5      | You fall into a shaft and drop 1 floor!
  4332 | D:5      | Found a blossoming altar of Fedhas.
  4604 | D:6      | HP: 33/68 [ogre/+0 giant spiked club (10)]
  4605 | D:6      | Reached skill level 12 in Axes
  4864 | D:6      | Found Xaditu's Armour Boutique.
  4870 | D:6      | Bought a +0 cloak for 58 gold pieces
  5025 | D:6      | HP: 19/68 [orc warrior/+0 scimitar (18)]
  5339 | D:7      | Found Sahuvox's Antique Weapon Boutique.
  5350 | D:7      | Gained mutation: You passively map the area around you.
                  | [Deep Dwarf growth]
  5350 | D:7      | Reached XP level 9. HP: 42/74 MP: 7/7
  5352 | D:7      | Found Kecsi's Armour Boutique.
  5356 | D:7      | Bought a glowing war axe for 195 gold pieces
  5402 | D:7      | Found Hoptiutz's Antique Weapon Boutique.
  5461 | D:7      | Reached skill level 13 in Axes
  5531 | D:7      | Found Faragh's Weapon Emporium.
  5592 | D:7      | Found Zahac's Gadget Emporium.
  6041 | D:8      | Found a hazy altar of Hepliaklqana.
  6041 | D:8      | Found a hide-covered altar of Uskayaw.
  6253 | D:8      | Found a shimmering altar of Xom.
  6253 | D:8      | Found a shimmering altar of Xom.
  6254 | D:8      | Found a shimmering altar of Xom.
  6254 | D:8      | Found a shimmering altar of Xom.
  6255 | D:8      | Found a shimmering altar of Xom.
  6255 | D:8      | Found a shimmering altar of Xom.
  6255 | D:8      | Found a shimmering altar of Xom.
  6343 | D:8      | Noticed a deep elf mage
  6352 | D:8      | Killed a deep elf mage
  6352 | D:8      | Reached skill level 14 in Axes
  6544 | D:9      | Found a burning altar of Makhleb.
  6552 | D:9      | Became a worshipper of Makhleb the Destroyer
  6552 | D:9      | Reached * piety under Makhleb
  6552 | D:9      | Reached ** piety under Makhleb
  6750 | D:9      | HP: 27/74 [ogre/+0 giant spiked club (14)]
  6790 | D:9      | Found an iron altar of Okawaru.
  6863 | D:9      | Reached skill level 15 in Axes
  6924 | D:9      | Reached XP level 10. HP: 59/81 MP: 7/7
  7059 | D:9      | Reached skill level 1 in Armour
  7121 | D:9      | Found a staircase to the Lair.
  7121 | D:9      | Noticed Joseph
  7128 | D:9      | Reached skill level 3 in Fighting
  7138 | D:9      | HP: 39/84 [Joseph/sling bullet (7)]
  7144 | D:9      | HP: 36/84 [Joseph/cursed -3 hunting sling (2)]
  7150 | D:9      | HP: 33/84 [hungry ghost (3)]
  7154 | D:9      | Reached skill level 2 in Armour
  7164 | D:9      | Killed Joseph
  7439 | D:10     | Entered Level 10 of the Dungeon
  7465 | D:10     | Reached skill level 3 in Armour
  7468 | D:10     | Reached skill level 4 in Fighting
  7473 | D:10     | Reached *** piety under Makhleb
  7474 | D:10     | HP: 38/85 [orc priest/divine providence (13)]
  7475 | D:10     | HP: 15/85 [orc priest/divine providence (10)]
  7483 | D:10     | Reached skill level 16 in Axes
  7484 | D:10     | Reached skill level 4 in Armour
  7587 | D:10     | HP: 41/87 [ogre/+0 giant club (11)]
  7774 | D:10     | Killed an unseen horror
  7774 | D:10     | Reached skill level 5 in Fighting
  7774 | D:10     | Reached skill level 5 in Armour
  7836 | D:10     | Found Luesmi's Armour Shop.
  7839 | D:10     | Bought a +2 pair of gloves of archery for 301 gold pieces
  7945 | D:10     | Found an opulent altar of Gozag.
  8156 | Lair:1   | Entered Level 1 of the Lair of Beasts
  8156 | Lair:1   | Noticed a spiny frog
  8165 | Lair:1   | Killed a spiny frog
  8165 | Lair:1   | Reached XP level 11. HP: 65/96 MP: 7/7
  8279 | Lair:1   | Reached skill level 6 in Armour
  8294 | Lair:1   | Noticed Sonja
  8295 | Lair:1   | Noticed Sonja
  8295 | Lair:1   | Sonja changed into Sonja the porcupine
  8300 | Lair:1   | Killed Sonja the porcupine
  8377 | Lair:1   | Reached skill level 6 in Fighting
  8446 | Lair:1   | HP: 45/97 [komodo dragon (16)]
  8453 | Lair:1   | HP: 14/97 [komodo dragon (20)]
  8463 | Lair:1   | HP: 39/97 [yak (8)]
  8468 | Lair:1   | HP: 20/97 [yak (5)]
  8473 | Lair:1   | HP: 32/98 [yak (1)]
  8475 | Lair:1   | Reached **** piety under Makhleb
  8479 | Lair:1   | HP: 24/99 [yak (6)]
  8510 | Lair:1   | Found the +12 glaive of Prune {chop}
  8511 | Lair:1   | Reached skill level 7 in Armour
  9242 | Lair:2   | Reached skill level 7 in Fighting
  9243 | Lair:2   | Found a staircase to the Swamp.
  9605 | Lair:3   | Reached skill level 8 in Armour
  9723 | Lair:3   | Noticed a six-headed hydra
  9739 | Lair:3   | Killed a nine-headed hydra
 10346 | Lair:4   | Reached skill level 8 in Fighting
 10398 | Lair:4   | Reached skill level 9 in Armour
 10413 | Lair:4   | Noticed a six-headed hydra
 10655 | Lair:4   | Found a staircase to the Snake Pit.
 11034 | D:11     | Found a staircase to the Orcish Mines.
 11123 | D:11     | Found a snail-covered altar of Cheibriados.
 11165 | D:11     | Reached XP level 12. HP: 100/112 MP: 7/7
 11369 | D:11     | Found a stormy altar of Qazlal.
 11638 | D:11     | Noticed a tengu warrior
 11643 | D:11     | Identified the +7 rapier "Huakuth" {flame, *Slow rElec
                  | Int+3 Dex+4}
 11650 | D:11     | Reached skill level 10 in Armour
 11651 | D:11     | Reached skill level 9 in Fighting
 11660 | D:11     | Killed a tengu warrior
 11683 | D:11     | Reached ***** piety under Makhleb
 12101 | Orc:1    | Entered Level 1 of the Orcish Mines
 12101 | Orc:1    | Found Laecof's Food Boutique.
 12101 | Orc:1    | Noticed Erica
 12109 | Orc:1    | Killed Erica
 12110 | Orc:1    | Noticed Harold
 12136 | Orc:1    | Reached skill level 11 in Armour
 12150 | Orc:1    | Killed Harold
 12150 | Orc:1    | Reached skill level 10 in Fighting
 12368 | Orc:2    | Entered Level 2 of the Orcish Mines
 12368 | Orc:2    | Found a staircase to the Elven Halls.
 12429 | Orc:1    | Noticed an ettin
 12434 | Orc:1    | HP: 43/116 [ettin/+0 dire flail (27)]
 12435 | Orc:1    | HP: 16/116 [ettin/+0 dire flail (27)]
 12438 | Orc:1    | Demolished by an ettin

Vanquished Creatures
  Harold (Orc:1)
  A hydra (Lair:3)
  Erica (Orc:1)
  A tengu warrior (D:11)
  2 unseen horrors
  2 deep elf magi
  An orc sorcerer (Orc:1)
  A cyclops (D:11)
  2 manticores (D:11)
  Joseph (D:9)
  3 black mambas
  3 spiny frogs
  3 komodo dragons
  A rime drake (Lair:1)
  A tengu conjurer (D:11)
  2 trolls
  A bog body (Lair:2)
  A hippogriff (Lair:2)
  Sigmund (D:3)
  A wyvern (D:11)
  11 yaks
  2 basilisks
  A vampire (D:11)
  3 hungry ghosts
  Edmund (D:4)
  3 swamp worms (Lair:2)
  2 wargs (D:9)
  6 water moccasins
  Duvessa (D:4)
  4 porcupines
  9 orc warriors
  4 sky beasts
  4 ice beasts
  A phantom (D:11)
  3 black bears
  10 ogres
  4 wolves (Lair:3)
  4 centaurs
  2 crocodiles
  7 bullfrogs
  A water moccasin zombie (D:10)
  Dowan (D:4)
  2 scorpions
  7 killer bees
  An electric eel (Lair:2)
  A howler monkey (D:4)
  2 crimson imps
  A quasit (D:9)
  A lava snake (D:9)
  2 bullfrog zombies
  A bullfrog skeleton (D:9)
  A centaur zombie (D:9)
  3 jellies
  A gnoll shaman (D:4)
  16 orc priests
  7 hounds
  11 orc wizards
  2 centaur skeletons
  Terence (D:2)
  3 iguanas
  6 worker ants
  3 hound skeletons
  3 worker ant zombies
  Robin (D:4)
  2 howler monkey skeletons
  19 gnolls
  23 adders
  A river rat (D:3)
  3 shadow imps
  12 white imps (D:11)
  7 worms
  2 adder skeletons
  3 dart slugs
  A leopard gecko (D:7)
  51 orcs
  5 giant cockroaches
  17 goblins
  7 hobgoblins
  18 jackals
  9 kobolds
  8 quokkas
  4 ball pythons
  11 bats
  5 frilled lizards
  A jackal skeleton (D:4)
  A quokka skeleton (D:7)
  A quokka zombie (D:9)
  13 rats
  A fungus (Lair:2)
415 creatures vanquished.

Vanquished Creatures (others)
  An orc knight (D:11)
  An ugly thing (D:11)
  A plant (Lair:4)
3 creatures vanquished.

Grand Total: 418 creatures vanquished

Table legend:
 A = Turns spent in this place as a percentage of turns spent in the entire game.
 B = Non-inter-level travel turns spent in this place as a percentage of non-inter-level travel turns spent in the entire game.
 C = Inter-level travel turns spent in this place as a percentage of turns spent in this place.
 D = Turns resting spent in this place as a percentage of non-inter-level travel turns spent in this place.
 E = Turns spent auto-exploring this place as a percentage of non-inter-level travel turns spent in this place.
 F = Non-inter-level travel turns spent in this place divided by the number of levels of this place that you've seen.
                   A       B       C       D       E      F
               +-------+-------+-------+-------+-------+----------------------
         Total | 100.0 | 100.0 |   6.7 |   1.9 |  72.6 | 610.6
       Dungeon |  71.4 |  71.4 |   6.7 |   1.2 |  70.2 | 753.5
        Temple |   1.5 |   1.6 |   5.2 |   0.0 |  98.9 | 182.0
          Lair |  22.5 |  22.3 |   7.4 |   0.0 |  83.6 | 647.8
  Orcish Mines |   2.7 |   2.7 |   7.4 |   0.0 |  65.1 | 156.0
         Sewer |   1.8 |   2.0 |   0.0 |  50.9 |  25.4 | 228.0
               +-------+-------+-------+-------+-------+----------------------
